 Dungeon Crawl Stone Soup version 0.23.1 (webtiles) character file.

Game seed: 5631044945045229850

111 doot the Magician (level 4, 0/24 HPs)
             Began as a Deep Elf Air Elementalist on Mar 7, 2019.
             Slain by Sigmund
             ... wielding a +2 vampiric scythe
              (4 damage)
             ... on level 4 of the Dungeon.
             The game lasted 00:03:46 (1660 turns).

doot the Magician (Deep Elf Air Elementalist)       Turns: 1660, Time: 00:03:47

Health: 0/24       AC:  2    Str:  8    XL:     4   Next: 62%
Magic:  8/13       EV: 13    Int: 21    God:
Gold:   20         SH:  0    Dex: 15    Spells: 5/13 levels left

rFire    . . .     SeeInvis .   i - +8 hand axe "Killer Klown's Foe" {chop, *Corrode Str+3}
rCold    . . .     Gourm    .   (no shield)
rNeg     . . .     Faith    .   a - +0 robe
rPois    .         Spirit   .   (no helmet)
rElec    .         Reflect  .   (no cloak)
rCorr    .         Harm     .   (no gloves)
MR       .....                  (no boots)
Stlth    ++........             (no amulet)
HPRegen  0.08/turn              (no ring)
MPRegen  0.13/turn              (no ring)

@: no status effects
A: no striking features
a: no special abilities


You were on level 4 of the Dungeon.
You were not hungry.

You visited 1 branch of the dungeon, and saw 4 of its levels.

You collected 20 gold pieces.

Inventory:

Hand Weapons
 h - a +0 dagger
 i - the +8 hand axe "Killer Klown's Foe" (weapon) {chop, *Corrode Str+3}
   (You found it on level 4 of the Dungeon)

   It inflicts extra damage upon your enemies.
   It affects your strength (+3).
   It may corrode you when you take damage.
Armour
 a - a +0 robe (worn)
Scrolls
 b - a scroll of teleportation {unknown}
 d - a scroll of identify
 f - a scroll of enchant armour {unknown}
Potions
 e - a potion of berserk rage
Comestibles
 c - a ration
 g - 2 chunks of flesh


   Skills:
 + Level 2.7 Dodging
 + Level 2.6 Stealth
 + Level 5.1 Spellcasting
 + Level 2.1 Conjurations
 + Level 3.7 Air Magic


You had 5 spell levels left.
You knew the following spells:

 Your Spells              Type           Power        Failure   Level  Hunger
a - Shock                 Conj/Air       ###.         3%          1    None
b - Static Discharge      Conj/Air       ###.....     10%         3    ##.....
c - Airstrike             Air            ###.......   22%         4    ####...

Your spell library contained the following spells:

 Spells                   Type           Power        Failure   Level  Hunger
 Swiftness                Chrm/Air       ##......     8%          2    None
 Lightning Bolt           Conj/Air       ###.......   65%         5    #####..


Dungeon Overview and Level Annotations

Branches:
Dungeon (4/15)
 Temple: D:4-7

Altars:

Annotations:
D:4 Sigmund


Message History

Unknown command.
Sigmund the Dreaded comes into view.
He is wielding a +2 vampiric scythe.
Sigmund casts a spell at you. The puff of flame hits you.
An orc wizard comes into view. It is wielding a +0 dagger.
Unknown command.
As you read the scroll labeled OHYOTAHIDI, it crumbles to dust.
It is a scroll of identify.
e - a potion of berserk rage Sigmund laughs darkly.
Unknown command.
Unknown command.
A big kobold comes into view. It is wielding a +0 short sword.
The worker ant barely misses you.
Sigmund hits you with a +2 vampiric scythe!
Ouch! That really hurt!
* * * LOW HITPOINT WARNING * * *
An iguana comes into view.
Sigmund hits you from afar with a +2 vampiric scythe.
You die...

........ .. ..
######......# . #.
#.....K#....## #.#.
#........l...# #.#.
#......##††#
#...##......##.o#
#...#......##..####.
#...#.<.............%
#.....@a@.ol[....(..
#.....<.aa..........
#>...^......$.....#.
##...............#..
##..............#..
#................
#........l...####
##............#
.............#


You could see Sigmund, a big kobold, an iguana, 3 worker ants, an orc wizard and
a frilled lizard.

Vanquished Creatures
  A howler monkey (D:4)
  3 adders
  An ooze (D:1)
  A worm (D:3)
  3 dart slugs
  A leopard gecko (D:1)
  2 orcs (D:3)
  4 giant cockroaches
  3 hobgoblins
  A quokka (D:3)
  2 ball pythons
  5 bats
  2 frilled lizards
  2 goblins
  A kobold (D:1)
  A quokka skeleton (D:4)
33 creatures vanquished.

Notes
Turn   | Place    | Note
-------+----------+-------------------------------------------
     0 | D:1      | doot the Deep Elf Air Elementalist began the quest for the
                  | Orb.
     0 | D:1      | Reached XP level 1. HP: 10/10 MP: 6/6
   377 | D:1      | Reached XP level 2. HP: 3/15 MP: 0/8
   909 | D:2      | Reached skill level 4 in Spellcasting
   922 | D:2      | Reached XP level 3. HP: 11/19 MP: 1/10
   927 | D:2      | Learned a level 3 spell: Static Discharge
  1542 | D:3      | Reached XP level 4. HP: 19/24 MP: 6/12
  1551 | D:3      | Learned a level 4 spell: Airstrike
  1644 | D:4      | Got a bloodstained hand axe
  1645 | D:4      | Identified the +8 hand axe "Killer Klown's Foe" {chop,
                  | *Corrode Str+3} (You found it on level 4 of the Dungeon)
  1652 | D:4      | Reached skill level 5 in Spellcasting
  1653 | D:4      | Noticed Sigmund
  1657 | D:4      | Noticed a big kobold
  1660 | D:4      | Slain by Sigmund

Skill      XL: |  1  2  3  4 |
---------------+-------------+-----
Spellcasting   | 4 5 |  5.1
Conjurations   | 2 |  2.1
Dodging        | |  2.7
Stealth        | |  2.6
Air Magic      | |  3.7

Action                   |  1- 3 |  4- 6 || total
-------------------------+-------+-------++-------
Melee: Unarmed           |     1 |       ||     1
       Hand axe          |       |     2 ||     2
 Cast: Shock             |    80 |     2 ||    82
       Static Discharge  |     3 |     3 ||     6
  Use: Scroll            |       |     1 ||     1
  Eat: Chunk             |     2 |       ||     2
Armor: Robe              |     4 |     2 ||     6
Dodge: Dodged            |    17 |     4 ||    21
